 Dungeon Crawl Stone Soup version 0.15-a0-77-g44c3f01 (webtiles) character file.

33764 4tharraofdagon the Scorcher (level 13, -15/63 HPs)
             Began as a Deep Elf Fire Elementalist on Apr 7, 2014.
             Was the Champion of Vehumet.
             Demolished by a skeletal warrior
             ... wielding a +2,+1 long sword of electrocution
              (24 damage)
             ... on Level 13 of the Dungeon.
             The game lasted 01:05:53 (6925 turns).

4tharraofdagon the Scorcher (DEFE)                  Turns: 6925, Time: 01:05:54

HP -15/63        AC 12     Str  5      XL: 13   Next: 35%
MP  21/36        EV 10     Int 26      God: Vehumet [******]
Gold 582         SH  0     Dex 15      Spells:  8 memorised, 10 levels left

rFire  + + .     SeeInvis .     k - +6 spear of Hoigunte {drain, +Blink rC+}
rCold  + . .     Clarity  .     x - +1 leather armour
rNeg   + . .     Conserve .     (no shield)
rPois  +         rCorr    .     l - +2 helmet
rElec  .         rRot     .     p - +1 cloak
SustAb . .       Spirit   .     o - +2 pair of gloves of Grikh {rF+}
rMut   .         Warding  +     (no boots)
Saprov . . .     Stasis   .     e - amulet of warding
MR     +....                    B - ring of poison resistance
                                C - ring of protection from fire

@: somewhat resistant to hostile enchantments, fairly stealthy
A: no striking features
a: Renounce Religion, Evoke Blink


You were on level 13 of the Dungeon.
You worshipped Vehumet.
Vehumet was exalted by your worship.
You were very full.

You visited 2 branches of the dungeon, and saw 21 of its levels.
You also visited: Bailey.

You collected 624 gold pieces.
You spent 42 gold pieces at shops.

Inventory:

Hand weapons
 k - the +6,+6 spear of Hoigunte (weapon) {drain, +Blink rC+}
   (You found it in a bailey)

   A truly terrible weapon, it drains the life of those it strikes.
   It protects you from cold.
   It lets you blink.
 O - a +6 blowgun
Missiles
 K - 11 curare-tipped needles
Armour
 l - a +2 helmet (worn)
 o - the +2 pair of gloves of Grikh (worn) {rF+}
   (You found it in a bailey)

   It protects you from fire.
 p - a +1 cloak (worn)
 x - a +1 leather armour (worn)
Magical devices
 y - a wand of teleportation (9)
 L - a wand of draining (2)
 M - a wand of fire (0)
Comestibles
 c - a bread ration
 r - 4 meat rations
 D - 5 lemons
 E - 7 cheeses
Scrolls
 a - a scroll of fog
 f - 5 scrolls of remove curse
 g - a scroll of identify
 i - 2 scrolls of amnesia
 j - 2 scrolls of blinking
 m - 3 scrolls of teleportation
 S - a scroll of enchant armour
Jewellery
 d - an uncursed ring of protection from magic
 e - an amulet of warding (around neck)
 z - an uncursed amulet of resist corrosion
 B - a ring of poison resistance (right hand)
 C - a ring of protection from fire (left hand)
 F - an uncursed ring of see invisible
Potions
 b - 6 potions of heal wounds
 h - 2 potions of restore abilities
 n - 2 potions of brilliance
 u - 5 potions of curing
 N - 2 potions of agility
 P - a potion of haste
 R - 3 potions of invisibility
Books
 q - a book of Wizardry

   Spells                             Type                      Level
   Summon Elemental                   Summoning                    4
   Agony                              Necromancy                   5
   Force Lance                        Conjuration                  5
   Haste                              Charms                       6
   Invisibility                       Hexes                        6
   Spellforged Servitor               Conjuration/Summoning        7


   Skills:
 - Level 2.4 Dodging
 - Level 2.4 Stealth
 + Level 13.0 Spellcasting
 * Level 15.2 Conjurations
 - Level 2.1 Translocations
 * Level 15.6 Fire Magic


You had 10 spell levels left.
You knew the following spells:

 Your Spells              Type           Power        Failure   Level  Hunger
a - Flame Tongue          Conj/Fire      #####        0%          1    None
b - Conjure Flame         Conj/Fire      #######.     1%          3    None
c - Sticky Flame          Conj/Fire      #######.     1%          4    None
d - Fireball              Conj/Fire      #######...   1%          5    #......
e - Apportation           Tloc           ####......   1%          1    None
f - Blink                 Tloc           N/A          2%          2    None
g - Iron Shot             Conj/Erth      ######....   8%          6    #####..
h - Bolt of Fire          Conj/Fire      #######...   1%          6    #####..


Dungeon Overview and Level Annotations

Branches:
Dungeon (13/15)            Temple (0/1) D:4            Lair (8/8) D:11
 Shoals (0/5) Lair:6        Snake (0/5) Lair:6       Spider (0/5) Lair:3
    Orc: D:9-12       Slime: Lair:6-8    Vaults: D:13-14

Altars:
Fedhas
Vehumet
Xom

Shops:
D:5 ?   D:9 }   D:10 :

Portals:
Trove: D:12 (show slimy rune of Zot)

Annotations:
Lair:8 Snorg


Message History

Unknown command.
Unknown command.
The skeletal warrior burns!
The skeletal warrior is engulfed in roaring flames.
The skeletal warrior burns!
The skeletal warrior burns!
The skeletal warrior stops burning.
Found a lajatang.
Casting: Sticky Flame
Confirm with . or Enter, or press ? or * to list all spells.
Aiming: Sticky Flame
Press: ? - help, Shift-Dir - straight line, f/p - skeletal warrior
Aim: a skeletal warrior, wielding a long sword of electrocution (severely damaged)
The sticky flame hits the skeletal warrior.
The skeletal warrior is almost destroyed.
The skeletal warrior is covered in liquid flames!
The skeletal warrior burns!
The skeletal warrior hits you with a long sword of electrocution!
* * * LOW HITPOINT WARNING * * *
You are electrocuted!
You die...

... ...... .......
.......# #.....#
#.....+ #.....#
####.....# ........@#
..).....z# ######...#
#...######..#
#######.....ยงยง....#
#.....<...........#
#.................#
#####..............
#.<(...........


You could see a skeletal warrior (burning).

Vanquished Creatures
  4 hydras
  A deep troll shaman (Lair:8)
  2 tengu warriors (D:12)
  The ghost of marcus the Thaumaturge, a powerful DECj of Vehumet (D:11)
  5 death yaks (Lair:8)
  A catoblepas (Lair:8)
  A lindwurm (Lair:8)
  Pikel (D:7)
  A hill giant (D:11)
  8 elephants (Lair:8)
  A manticore (D:11)
  2 black mambas
  6 spiny frogs
  A centaur zombie (D:11)
  4 komodo dragons
  Prince Ribbit (D:6)
  8 blink frogs
  3 ravens (D:12)
  A catoblepas skeleton (D:10)
  2 basilisks
  4 grizzly bears
  A wraith (D:12)
  3 deep elf magi
  A trapdoor spider (D:9)
  An elephant slug (Lair:7)
  A wyvern (Lair:6)
  Eustachio (D:10)
  Grum (D:10)
  6 hippogriffs
  12 wolves
  2 water moccasins
  23 yaks
  2 necrophages
  2 black bears
  2 ice beasts (D:10)
  A slave (D:7)
  8 porcupines
  2 ogres
  2 sky beasts
  2 centaurs
  A tengu (Lair:2)
  4 crocodiles
  4 giant slugs
  Blork the orc (D:7)
  8 spiders (Lair:3)
  3 orc warriors
  8 giant frogs
  A gnoll sergeant (D:10)
  3 big kobolds (D:10)
  An electric eel (Lair:5)
  A yak skeleton (D:10)
  6 wights
  A hippogriff skeleton (D:9)
  2 jellies
  17 hounds
  3 orc priests
  5 iguanas
  2 worker ants
  3 orc wizards
  A gnoll shaman (D:10)
  15 sheep
  A hound skeleton (D:5)
  A worker ant zombie (D:10)
  9 gnolls
  23 green rats
  14 adders
  A shadow imp (D:8)
  3 giant mites
  An inept feature mimic (D:3)
  An inept item mimic (D:9)
  3 worms
  An adder zombie (D:6)
  An adder skeleton (D:10)
  2 giant eyeballs
  5 giant geckos
  25 orcs
  A ball python (D:5)
  11 bats
  8 giant cockroaches
  6 hobgoblins
  3 quokkas
  2 giant newts
  10 goblins
  14 jackals
  2 kobolds
  An orc zombie (D:7)
  11 rats
  2 fungi
  A plant (Lair:8)
384 creatures vanquished.

Vanquished Creatures (others)
  Duvessa (D:7)
  A giant frog (D:7)
  Dowan (D:7)
  A goblin (D:7)
  A giant spore (D:8)
  A kobold (D:7)
  2 fungi (Lair:8)
8 creatures vanquished.

Grand Total: 392 creatures vanquished

Notes
Turn   | Place    | Note
--------------------------------------------------------------
     0 | D:1      | 4tharraofdagon, the Deep Elf Fire Elementalist, began the quest for the Orb.
     0 | D:1      | Reached XP level 1. HP: 10/10 MP: 5/5
   156 | D:1      | Reached XP level 2. HP: 13/15 MP: 1/8
   408 | D:2      | Reached XP level 3. HP: 3/19 MP: 4/11
   413 | D:2      | Learned a level 3 spell: Conjure Flame
   533 | D:3      | Reached skill level 4 in Fire Magic
   585 | D:4      | Noticed an ogre
   608 | D:4      | Killed an ogre
   608 | D:4      | Reached XP level 4. HP: 24/24 MP: 1/15
   608 | D:4      | Reached XP level 5. HP: 28/28 MP: 1/18
   615 | D:4      | Learned a level 4 spell: Sticky Flame
   656 | D:4      | Found a radiant altar of Vehumet.
   659 | D:4      | Became a worshipper of Vehumet
   674 | D:4      | Found a staircase to the Ecumenical Temple.
   720 | D:5      | Entered Level 5 of the Dungeon
   744 | D:5      | Found Schinnen's Magic Scroll Boutique.
   752 | D:5      | Bought a scroll of teleportation for 42 gold pieces
   900 | D:6      | Reached skill level 5 in Fire Magic
   904 | D:6      | Found a blossoming altar of Fedhas.
   909 | D:6      | Noticed Prince Ribbit
   918 | D:6      | Killed Prince Ribbit
   918 | D:6      | Reached XP level 6. HP: 20/32 MP: 4/20
   929 | D:6      | Noticed a necrophage
   929 | D:6      | Noticed a necrophage
   937 | D:6      | Reached skill level 5 in Spellcasting
  1031 | D:5      | Reached skill level 5 in Conjurations
  1240 | D:7      | Learned a level 5 spell: Fireball
  1320 | D:7      | Noticed a necrophage
  1326 | D:7      | Killed a necrophage
  1326 | D:7      | Reached skill level 6 in Fire Magic
  1326 | D:7      | Reached XP level 7. HP: 36/36 MP: 17/23
  1342 | D:7      | Noticed Pikel
  1363 | D:7      | Killed Pikel
  1363 | D:7      | Reached skill level 7 in Fire Magic
  1363 | D:7      | Reached XP level 8. HP: 34/41 MP: 0/25
  1372 | D:7      | Noticed Dowan
  1380 | D:7      | Killed Dowan
  1383 | D:7      | Killed Duvessa
  1493 | D:7      | Found a flagged portal.
  1494 | D:7      | Noticed Blork the orc
  1498 | D:7      | Acquired Vehumet's first power
  1498 | D:7      | Offered knowledge of Magic Dart by Vehumet.
  1509 | D:7      | Killed Blork the orc
  1526 | Bailey   | Entered a bailey
  1687 | Bailey   | Noticed an orc knight
  1767 | Bailey   | Noticed sohrabkorkchi's ghost (experienced LOFi)
  1768 | Bailey   | :(
  1805 | Bailey   | Got a pair of heavily runed gloves
  1808 | Bailey   | Got an ichor-stained spear
  1873 | Bailey   | Identified the +2 pair of gloves of Grikh {rF+} (You found it in a bailey)
  1873 | Bailey   | Identified the cursed +6,+6 spear of Hoigunte {drain, +Blink rC+} (You found it in a bailey)
  2191 | D:9      | Reached skill level 8 in Fire Magic
  2404 | D:8      | Found a shimmering altar of Xom.
  2455 | D:9      | Found Agicupla's Gadget Emporium.
  2594 | D:10     | Entered Level 10 of the Dungeon
  2594 | D:10     | Noticed Eustachio
  2604 | D:10     | Killed Eustachio
  2604 | D:10     | Reached XP level 9. HP: 45/45 MP: 17/28
  2630 | D:10     | Offered knowledge of Sting by Vehumet.
  2634 | D:10     | #2
  2693 | D:9      | Reached skill level 9 in Fire Magic
  2783 | D:10     | Found Cedekh's Book Boutique.
  2910 | D:10     | Noticed Grum
  2928 | D:10     | Killed Grum
  2928 | D:10     | Offered knowledge of Searing Ray by Vehumet.
  2933 | D:10     | #3
  3038 | D:10     | Reached skill level 10 in Fire Magic
  3092 | D:10     | Acquired Vehumet's second power
  3128 | D:10     | Reached skill level 10 in Conjurations
  3145 | D:10     | Reached XP level 10. HP: 47/50 MP: 6/30
  3169 | D:10     | Noticed a three-headed hydra
  3183 | D:10     | Killed a three-headed hydra
  3293 | D:11     | Noticed a manticore
  3296 | D:11     | Killed a manticore
  3346 | D:11     | Identified the Incunabulum of Stones
  3413 | D:10     | Reached skill level 11 in Fire Magic
  3414 | D:10     | Noticed an unseen horror
  3434 | D:11     | Noticed a hill giant
  3464 | D:11     | Killed a hill giant
  3464 | D:11     | Offered knowledge of Throw Icicle by Vehumet.
  3563 | D:11     | Reached skill level 10 in Spellcasting
  3564 | D:11     | Noticed Sonja
  3565 | D:11     | Noticed Sonja
  3565 | D:11     | Sonja changed into Sonja the hippogriff
  3585 | D:11     | Killed Sonja the hippogriff
  3648 | D:11     | Found a staircase to the Lair.
  3691 | Lair:1   | Entered Level 1 of the Lair of Beasts
  3800 | Lair:3   | Noticed an eight-headed hydra
  3857 | Lair:2   | Reached skill level 12 in Fire Magic
  3862 | Lair:2   | Reached XP level 11. HP: 54/54 MP: 8/32
  3925 | Lair:2   | Acquired Vehumet's third power
  4030 | Lair:2   | Offered knowledge of Mephitic Cloud by Vehumet.
  4202 | Lair:2   | Big Long Now
  4341 | Lair:3   | Found a hole to the Spider Nest.
  4455 | Lair:3   | Killed an eight-headed hydra
  4500 | Lair:4   | Reached skill level 13 in Fire Magic
  4597 | Lair:4   | Offered knowledge of Ignite Poison by Vehumet.
  5042 | Lair:6   | Found a staircase to the Snake Pit.
  5080 | Lair:6   | Found a staircase to the Shoals.
  5221 | Lair:6   | Reached XP level 12. HP: 48/59 MP: 6/34
  5373 | Lair:8   | Entered Level 8 of the Lair of Beasts
  5373 | Lair:8   | Noticed a six-headed hydra
  5384 | Lair:8   | Killed a six-headed hydra
  5423 | Lair:8   | Noticed Snorg
  5464 | Lair:8   | Reached skill level 14 in Fire Magic
  5518 | Lair:8   | Learned a level 1 spell: Apportation
  5521 | Lair:8   | Learned a level 2 spell: Blink
  5554 | Lair:7   | Noticed an eight-headed hydra
  5561 | Lair:7   | Killed an eight-headed hydra
  5694 | Lair:8   | Reached skill level 1 in Translocations
  6075 | Lair:8   | Reached skill level 15 in Fire Magic
  6116 | Lair:8   | Reached XP level 13. HP: 33/63 MP: 21/36
  6475 | Lair:4   | Learned a level 6 spell: Iron Shot
  6700 | D:11     | Noticed marcus' ghost (powerful DECj)
  6702 | D:11     | Killed marcus' ghost
  6702 | D:11     | Reached skill level 15 in Conjurations
  6847 | D:12     | Offered knowledge of Bolt of Fire by Vehumet.
  6857 | D:12     | Learned a level 6 spell: Bolt of Fire
  6868 | D:12     | Found a portal to a secret trove of treasure.
  6925 | D:13     | Demolished by a skeletal warrior

Action                   |  1- 3 |  4- 6 |  7- 9 | 10-12 | 13-15 || total
-------------------------+-------+-------+-------+-------+-------++-------
Melee: Unarmed           |     2 |       |       |       |       ||     2
       Short sword       |       |     8 |     1 |       |       ||     9
       Spear             |       |       |    62 |   123 |    35 ||   220
       Whip              |       |       |     1 |       |       ||     1
 Fire: Blowgun           |       |       |       |    20 |     1 ||    21
 Cast: Flame Tongue      |    56 |    43 |   110 |    70 |     1 ||   280
       Conjure Flame     |     1 |     2 |    13 |    47 |     8 ||    71
       Sticky Flame      |       |     6 |    35 |    71 |    16 ||   128
       Fireball          |       |       |     9 |    70 |    31 ||   110
 Abil: Evoke Blink       |       |       |       |     2 |       ||     2
Evoke: Wand              |       |     1 |     3 |    17 |     6 ||    27
  Use: Potion            |     2 |       |     4 |     2 |     1 ||     9
       Scroll            |       |     8 |     3 |    18 |     3 ||    32
 Stab: Sleeping          |       |     1 |       |     1 |       ||     2
